woodfighter, neutral female gnomish Ranger ------ >.`..| |a.....# ##@...[.| ------ # |.....| |....-### --- -- |....| |...<| |.....# ------# # # ### # ### # woodfighter the Lookout Experience level: 5 Strength: 16 Dexterity: 10 Constitution: 16 Intelligence: 13 Wisdom: 13 Charisma: 7 Health: 0(36) Energy: 23(23) Def: 8 Gold: 556 Moves: 2569 Dungeon seed: ioQhGFGSfbGdz_8S Game ID: woodfighter_1542443990 Your Inventory: Coins $ - 556 gold pieces Amulets L - a cursed amulet of change Weapons b - a burnt +2 crossbow (weapon in hand) c - 46 blessed +2 crossbow bolts (in quiver) d - 35 +0 crossbow bolts h - a +2 aklys H - a cursed -1 bow Armor e - an uncursed +2 cloak of displacement (being worn) r - a blessed +3 leather armor (being worn) N - a cursed -1 mummy wrapping Comestibles f - 4 uncursed cram rations j - an uncursed tripe ration w - an uncursed magic bean O - an uncursed food ration Scrolls y - 2 uncursed scrolls of teleportation z - a blessed scroll of genocide E - an uncursed scroll of confuse monster J - 3 uncursed scrolls of scare monster M - an uncursed scroll of remove curse V - an uncursed scroll of identify Spellbooks A - an uncursed spellbook of sleep U - an uncursed spellbook of extra healing Potions k - an uncursed potion of object detection p - a cursed potion of healing t - an uncursed potion of fruit juice v - an uncursed potion of confusion B - a cursed potion of paralysis C - a blessed potion of speed F - an uncursed potion of sickness G - an uncursed potion of invisibility Q - an uncursed potion of booze Rings x - an uncursed ring of fire resistance P - an uncursed ring of free action Wands g - a wand of slow monster (0:3) o - a wand of create monster (0:15) R - a wand of fire (0:7) T - a wand of lightning (0:8) Gems n - an uncursed worthless piece of white glass q - an uncursed worthless piece of red glass Spells and supernatural/magical abilities: Name Level Category Fail Memory W - pray for help -- divine ? -- Your skills at the end: Miscellaneous Skills wands [Basic] Weapon Skills dagger [Basic] club [Basic] crossbow [Basic] Spellcasting Skills Final Attributes: You were devoutly aligned. You were telepathic. You had automatic searching. You had infravision. You were displaced. You were somewhat stealthy. You are dead. Vanquished creatures: an orc mummy a soldier ant a yellow light 2 fog clouds 2 giant ants a floating eye a kobold lord an iguana a jitterbug a giant bat a wererat 2 geckos a hobgoblin 2 giant rats 2 cave spiders 2 yellow molds a red mold 2 manes 3 jackals 4 kobolds 2 newts 2 goblins a sewer rat 6 grid bugs 2 bats 4 lichens 3 kobold zombies 52 creatures vanquished. Voluntary challenges: You did not adorn yourself with jewelry or accessories. You did not cause conflict. You were not invisible. You did not have reflection. You never hit with a wielded weapon. You did not use tools. You did not use plumbed fixtures. You did not drink any magical draughts. You were illiterate. You never genocided any monsters. You never polymorphed an object. You never changed form. You used no wishes. You never split a pudding. You never wrote Elbereth's name. You never violated your personal moral code. Dungeon overview: The Dungeons of Doom: levels 1 to 8 Level 1 (water) a fountain a long staircase Level 2 (shop) some fountains Level 3 an altar to Venus stairs to The Gnomish Mines Level 4 Level 5 Level 6 Level 7 (chest) a fountain Level 8 (lepreechaun) <- You were here The Gnomish Mines: Level 4 stairs to The Dungeons of Doom History has recorded: On T:1 you entered the Dungeons of Doom to retrieve the Amulet of Yendor! On T:70 you reached level 2 of The Dungeons of Doom. On T:299 you advanced to experience level 2. On T:515 you reached level 3 of The Dungeons of Doom. On T:571 you advanced to experience level 3. On T:651 you reached level 4 of The Dungeons of Doom. On T:678 you reached level 1 of The Gnomish Mines. On T:1217 you reached level 5 of The Dungeons of Doom. On T:1218 you advanced to experience level 4. On T:1549 you reached level 6 of The Dungeons of Doom. On T:1796 you advanced to experience level 5. On T:1929 you reached level 7 of The Dungeons of Doom. On T:2034 you reached level 8 of The Dungeons of Doom. Score breakdown: Gold: 556 ( 55 points) Experience: 5 levels ( 400 points) Exploration: 8 levels ( 210 points) Discoveries: 25 items ( 1250 points) Variety of kills: 27 monsters ( 1350 points) Major goal: (nothing yet) ( 0 points) Survival: died (score multiplied by 3) Total score: 9795 Latest messages: Your purse feels lighter. You hear water falling on coins. The door resists! The door opens. The door resists! The door opens. You stop exploring. The crossbow bolt hits the soldier ant! The soldier ant bites! The soldier ant stings! You hear crashing rock. The soldier ant bites! The soldier ant misses. You shoot 2 crossbow bolts. The 1st crossbow bolt hits the soldier ant! The 2nd crossbow bolt hits the soldier ant! You kill the soldier ant! The crossbow bolt hits the soldier ant! The soldier ant bites! The soldier ant stings! The soldier ant bites! The soldier ant stings! You die... Final status: Goodbye woodfighter the Ranger, killed by a soldier ant... You died in The Dungeons of Doom on dungeon level 8 with 9795 points, and 556 pieces of gold, after 2569 moves. You were level 5 with a maximum of 36 hit points when you died.